 Dungeon Crawl Stone Soup version 0.18-a0-902-g8738618 (webtiles) character file.

42 Jmtri7 the Apprentice (level 3, 0/28 HPs)
             Began as a Formicid Artificer on Dec 24, 2015.
             Was an Initiate of Pakellas.
             Slain by an iguana (9 damage)
             ... on level 4 of the Dungeon.
             The game lasted 00:04:27 (932 turns).

Jmtri7 the Apprentice (Formicid Artificer)           Turns: 932, Time: 00:04:27

Health: 0/28       AC:  3    Str: 16    XL:     3   Next: 77%
Magic:  5/5        EV: 11    Int: 11    God:    Pakellas [......]
Gold:   56         SH:  0    Dex: 11    Spells: 0 memorised, 2 levels left

rFire  . . .     SeeInvis +     j - +0 halberd
rCold  + . .     Gourm    .     b - +0 leather armour
rNeg   . . .     Faith    .     (no shield)
rPois  .         Spirit   .     (helmet unavailable)
rElec  .         Dismiss  .     (no cloak)
rCorr  .         Reflect  .     (no gloves)
SustAt .         Harm     .     (no boots)
MR     .....                    (no amulet)
Stlth  +.........               (no ring)
                                h - ring of protection from cold

@: not resistant to hostile enchantments, very unstealthy
A: permanent stasis, dig shafts and tunnels, four strong arms, antennae 3
a: Dig, Shaft Self, Renounce Religion


You were on level 4 of the Dungeon.
You worshipped Pakellas.
Pakellas was noncommittal.
You were hungry.

You visited 1 branch of the dungeon, and saw 3 of its levels.

You collected 56 gold pieces.

Inventory:

Hand Weapons
 j - a +0 halberd (weapon)
Armour
 b - a +0 leather armour (worn)
Jewellery
 h - a ring of protection from cold (left hand)
Wands
 c - a wand of flame (0/48)
 d - a wand of enslavement (12/24)
 e - a wand of random effects (9/48)
Scrolls
 i - 2 scrolls of fog {unknown}
Potions
 g - a potion of heal wounds {unknown}
 k - a potion of poison {unknown}
Comestibles
 a - 5 fruits
 f - a bread ration


   Skills:
 * Level 2.4 Fighting
   Level 1.0 Short Blades
 * Level 2.0 Armour
 - Level 1.7 Dodging
 - Level 1.2 Stealth
 + Level 3.5 Evocations


You had 2 spell levels left.
You didn't know any spells.

Dungeon Overview and Level Annotations

Branches:
Dungeon (2/15)

Altars:
Pakellas
Ru


Innate Abilities, Weirdness & Mutations

You are under a permanent stasis effect.
You can dig through walls and to a lower floor.
Your four strong arms can wield two-handed weapons with a shield.
You have a pair of large antennae on your head (SInv).


Message History

Press: ? - help, Shift-Dir - straight line, f/p - phantom
Aim: a phantom (moderately damaged, chance to defeat MR: 35%)
The phantom is charmed.
This wand has 12 charges left.
Zapping:
e - a wand of random effects (10/48)
Press: ? - help, Shift-Dir - straight line, f/p - phantom
Aim: a phantom (moderately damaged, in your thrall, friendly) Really fire at your phantom?
The puff of frost misses your phantom.
This wand has 9 charges left.
You swap places.
Found a hunting sling.
i - 2 scrolls labeled SET HOSOHI (gained 1)
You extend your mandibles.
You dig through the rock wall.
An iguana comes into view.
The iguana hisses angrily.
You retract your mandibles.
Something misses your phantom. The iguana bites you.
The phantom is no longer charmed.
The iguana bites you.
The phantom blinks!
The iguana bites you!
You die...

.. ###...##
#.. #.
###....##
#.#
#.###.....##
##
#........##
#......###
#. ##...###
# ##.###
#.#l.###.#
#.ยง.@W...#
####.#####
#.# #.. #...
##... #...
####


You could see a phantom and an iguana.

Vanquished Creatures
  3 gnolls (D:4)
  An adder skeleton (D:4)
  A giant gecko (D:4)
  A ball python (D:2)
  A goblin (D:2)
  3 jackals (D:2)
  A giant newt (D:4)
11 creatures vanquished.

Notes
Turn   | Place    | Note
--------------------------------------------------------------
     0 | D:1      | Jmtri7 the Formicid Artificer began the quest for the Orb.
     0 | D:1      | Reached XP level 1. HP: 15/15 MP: 3/3
     3 | D:1      | You fall through a shaft!
     3 | D:2      | Found a sacrificial altar of Ru.
    95 | D:2      | Reached XP level 2. HP: 1/21 MP: 4/4
   113 | D:2      | You fall through a shaft for 2 floors!
   404 | D:4      | Reached skill level 1 in Armour
   676 | D:4      | Reached XP level 3. HP: 27/27 MP: 5/5
   702 | D:4      | Found an oddly glowing altar of Pakellas.
   705 | D:4      | Became a worshipper of Pakellas the Inventive
   875 | D:4      | Noticed a phantom
   932 | D:4      | Slain by an iguana

Vault maps used:
D:1:      eino_arrival_cavern_e, serial_forest, infiniplex_forest_clump_long,
          infiniplex_forest_zigzag_1, infiniplex_forest_clump_cross,
          infiniplex_forest_clump_large, infiniplex_forest_lined_1,
          infiniplex_forest_end_2
D:2:      lemuel_upstairs_altar, old_standard_altar, uniq_robin, uniq_natasha
D:4:      lemuel_doored_altar, minmay_temple_entry_statues_fountains,
          eino_curves_01, grunt_pakellas_mercury

Action                   || total
-------------------------++-------
Melee: Short sword       ||    31
       Halberd           ||     9
 Abil: Shaft Self        ||     2
       Dig               ||     1
Evoke: Wand              ||    24
